 Dungeon Crawl Stone Soup version 0.22.1-2-g9c5b331 (webtiles) character file.

6020 myga the Cleaver (level 10, -11/84 HPs)
             Began as a Minotaur Gladiator on Dec 1, 2018.
             Was an Elder of Nemelex Xobeh.
             Shot with an arrow by a centaur warrior (24 damage)
             ... on level 9 of the Dungeon on Dec 7, 2018.
             The game lasted 01:18:57 (10130 turns).

myga the Cleaver (Minotaur Gladiator)              Turns: 10130, Time: 01:18:58

Health: -11/84     AC:  7    Str: 16 (18) XL:     10   Next: 56%
Magic:  13/13      EV: 19    Int:  6 (7)  God:    Nemelex Xobeh [****..]
Gold:   267        SH:  0    Dex: 12      Spells: 2/15 levels left

rFire    . . .     SeeInvis +   a - +1 war axe
rCold    . . .     Gourm    +   (no shield)
rNeg     . . .     Faith    .   F - +2 animal skin
rPois    .         Spirit   .   (helmet restricted)
rElec    .         Reflect  .   J - +1 cloak
rCorr    .         Harm     .   (no gloves)
MR       .....                  x - +0 pair of boots
Stlth    ++........             I - amulet of the gourmand
HPRegen  0.24/turn              C - +4 ring of evasion
MPRegen  0.13/turn              (no ring)

@: no status effects
A: retaliatory headbutt, horns 2, talons 1, see invisible, clumsy 1,
deterioration 1
a: Triple Draw, Deal Four, Renounce Religion


You were on level 9 of the Dungeon.
You worshipped Nemelex Xobeh.
Nemelex Xobeh was greatly pleased with you.
You were completely stuffed.

You visited 1 branch of the dungeon, and saw 9 of its levels.
You also visited: Ossuary.

You collected 471 gold pieces.
You spent 204 gold pieces at shops.

Inventory:

Hand Weapons
 a - a +1 war axe (weapon)
Missiles
 h - 288 stones
 k - 3 throwing nets
 q - 12 tomahawks
 z - 5 javelins of returning (quivered)
Armour
 i - a +0 leather armour
 r - a +0 helmet
 x - a +0 pair of boots (worn)
 A - a +0 leather armour
 F - a +2 animal skin (worn)
 J - a +1 cloak (worn)
 M - a +0 leather armour
Jewellery
 C - a +4 ring of evasion (left hand)
 I - an amulet of the gourmand (around neck)
Wands
 b - a wand of digging (18)
 p - a wand of iceblast (10)
 y - a wand of acid (4)
 H - a wand of clouds (6)
 L - a wand of flame (18)
Scrolls
 g - 4 scrolls of magic mapping
 j - 10 scrolls of remove curse
 m - 2 scrolls of amnesia
 o - a scroll of immolation
 u - 3 scrolls of enchant weapon
 E - 4 scrolls of teleportation
 P - a scroll of identify
Potions
 e - a potion of might
 l - 6 potions of lignification
 s - 3 potions of curing
 t - a potion of brilliance
 w - a potion of flight
 G - a potion of resistance
Miscellaneous
 c - a plain deck of summoning {drawn: 2}
 n - a plain deck of summoning {drawn: 5}
 v - a plain deck of escape {drawn: 1}
 B - a plain deck of destruction
 D - a lamp of fire
 K - a plain deck of summoning
 N - a lamp of fire
 O - a plain deck of summoning
Comestibles
 f - 23 rations


   Skills:
 + Level 6.9 Fighting
 + Level 10.8 Axes
 + Level 6.7 Throwing
 + Level 3.5 Armour
 + Level 6.6 Dodging
 + Level 3.3 Stealth
 + Level 3.2 Spellcasting
 + Level 2.6 Conjurations
 + Level 2.9 Fire Magic
 + Level 0.9 Invocations
 + Level 0.1 Evocations


You had 2 spell levels left.
You knew the following spells:

 Your Spells              Type           Power        Failure   Level  Hunger
a - Flame Tongue          Conj/Fire      #....        12%         1    ##.....
b - Throw Flame           Conj/Fire      #.....       19%         2    ###....
c - Conjure Flame         Conj/Fire      #.......     34%         3    ####...
d - Inner Flame           Hex/Fire       #.......     52%         3    ####...
e - Sticky Flame          Conj/Fire      #.......     75%         4    #####..

Your spell library contained the following spells:

 Spells                   Type           Power        Failure   Level  Hunger
 Fireball                 Conj/Fire      #.........   97%         5    ######.


Dungeon Overview and Level Annotations

Branches:
Dungeon (9/15)             Temple (0/1) D:7             Orc (0/2) D:9
   Lair: D:8-11

Altars:
Ashenzari
Cheibriados
Dithmenos
Nemelex Xobeh
Okawaru
Ru
Uskayaw
Vehumet
Xom
Yredelemnul

Shops:
D:5 [:!


Innate Abilities, Weirdness & Mutations

You reflexively headbutt those who attack you in melee.
You have a pair of horns on your head.
You have sharp toenails.
You have supernaturally acute eyesight. (SInv)
You are clumsy. (Dex -2)
Your body sometimes deteriorates upon taking damage.


Message History

The centaur warrior shoots an arrow.
The arrow hits you!!
* * * LOW HITPOINT WARNING * * *
There is an open door, spattered with blood here.
Okay, then.
The centaur warrior shoots an arrow.
The arrow barely misses you.
Evoke which item? (* to show all) (? for menu, Esc to quit)
Aiming: Throw Flame
Press: ? - help, Shift-Dir - straight line, f/p - centaur warrior
Aim: a centaur warrior, wielding a shortbow (almost dead, poisoned)
The puff of flame hits the centaur warrior.
The centaur warrior is almost dead.
The centaur warrior shoots an arrow.
The arrow barely misses you.
Okay, then.
Unknown command.
Okay, then.
As you read the scroll of fog, it crumbles to dust.
The scroll dissolves into smoke.
The centaur warrior shoots an arrow.
The arrow hits you!!
You die...
Your body glows with a rainbow of weird colours and disappears.

#####'##......##.......#
#.##......##.....###
#.##......##.....# ##
#>.........####### c+
#......##### #.# .#
#.######## #.#####.#
#.......(##+##...c.c.#
######..#..§##.#(#####
#.##..§@§##.#
#.#...§§§.#(#
#.+..§§...c.#
#.#.......#.#
#.##.....##.##
#..##...##...#
###...##+##.##.##
#...........##..#####
#.####......#.......#


You could see a centaur warrior.

Vanquished Creatures
  A queen bee (D:9)
  A troll (D:9)
  A hornet (D:9)
  A hippogriff (D:9)
  3 yaks
  2 hogs (D:7)
  A human (D:7)
  Menkaure (D:5)
  An orc warrior (D:8)
  2 sky beasts
  4 centaurs
  A phantom (D:5)
  3 ogres
  2 elf zombies (Ossuary)
  A gnoll sergeant (D:8)
  3 bullfrogs (D:9)
  A water moccasin zombie (D:7)
  2 water moccasin skeletons
  2 scorpions
  A wyvern skeleton (D:7)
  17 killer bees (D:9)
  3 howler monkeys
  A crimson imp (D:7)
  2 centaur zombies (Ossuary)
  2 hounds (D:9)
  2 jellies
  A centaur skeleton (D:7)
  2 human zombies (Ossuary)
  An orc priest (D:6)
  Jessica (D:3)
  2 bullfrog skeletons
  3 iguanas
  6 orc wizards
  8 worker ants
  2 mummies (Ossuary)
  2 worker ant zombies
  12 adders
  4 gnolls (D:8)
  3 adder zombies
  An adder skeleton (D:4)
  A worm (D:4)
  2 dart slugs
  3 leopard geckos
  20 orcs
  2 ball pythons
  4 bats
  3 giant cockroaches (D:1)
  13 goblins
  4 hobgoblins
  7 jackals
  5 kobolds
  4 quokkas
  3 frilled lizards
  2 goblin zombies (Ossuary)
  11 hobgoblin zombies (Ossuary)
  A jackal skeleton (D:4)
  11 kobold zombies (Ossuary)
  4 orc zombies (Ossuary)
  2 quokka zombies
  6 rats
  A rat zombie (Ossuary)
  A spectral orc (D:3)
219 creatures vanquished.

Vanquished Creatures (collateral kills)
  A two-headed ogre (D:8)
  A hippogriff (D:6)
  A yak (D:9)
  An orc warrior (D:6)
  A crocodile (D:9)
  A scorpion (D:9)
  2 killer bees (D:9)
  A centaur zombie (D:6)
  Robin (D:4)
  A howler monkey skeleton (D:6)
  2 shadow imps (D:6)
  2 orcs (D:6)
  3 jackals (D:8)
  2 goblins (D:4)
20 creatures vanquished.

Grand Total: 239 creatures vanquished

Notes
Turn   | Place    | Note
-------+----------+-------------------------------------------
     0 | D:1      | myga the Minotaur Gladiator began the quest for the Orb.
     0 | D:1      | Reached XP level 1. HP: 18/18 MP: 0/0
   159 | D:1      | Reached XP level 2. HP: 17/25 MP: 1/1
   437 | D:1      | Reached skill level 4 in Axes
   622 | D:2      | Reached XP level 3. HP: 25/31 MP: 2/2
   719 | D:2      | Found a radiant altar of Vehumet.
   719 | D:2      | Found a shimmering altar of Xom.
   720 | D:2      | Found a sparkling altar of Nemelex Xobeh.
   906 | D:2      | Reached skill level 1 in Armour
  1178 | D:2      | Became a worshipper of Nemelex Xobeh the Trickster
  1219 | D:3      | Received a gift from Nemelex Xobeh
  1314 | D:3      | Reached XP level 4. HP: 36/38 MP: 3/3
  1621 | D:3      | Reached XP level 5. HP: 45/45 MP: 4/4
  1712 | D:3      | Noticed Jessica
  1725 | D:3      | Killed Jessica
  1817 | D:3      | Reached skill level 5 in Axes
  2057 | D:3      | Found a basalt altar of Yredelemnul.
  2239 | D:4      | Reached skill level 1 in Stealth
  2286 | D:4      | Found a sand-covered staircase.
  2291 | Ossuary  | Entered an ossuary
  2547 | Ossuary  | Reached XP level 6. HP: 51/51 MP: 5/5
  2661 | Ossuary  | Reached skill level 6 in Axes
  2661 | Ossuary  | Reached XP level 7. HP: 18/60 MP: 6/6
  2960 | D:4      | Learned a level 1 spell: Flame Tongue
  2963 | D:4      | Learned a level 2 spell: Throw Flame
  3071 | D:4      | Reached * piety under Nemelex Xobeh
  3393 | D:4      | Reached skill level 7 in Axes
  3440 | D:4      | Noticed Robin
  3454 | D:4      | Killed Robin
  3606 | D:4      | Found a sacrificial altar of Ru.
  3965 | D:4      | Learned a level 3 spell: Conjure Flame
  3979 | D:5      | Entered Level 5 of the Dungeon
  4007 | D:5      | Found Obloept's Armour Shoppe.
  4115 | D:5      | Reached skill level 1 in Spellcasting
  4127 | D:5      | Found Ychithrekk's Distillery.
  4233 | D:5      | Noticed Menkaure
  4242 | D:5      | Killed Menkaure
  4242 | D:5      | Reached skill level 5 in Fighting
  4242 | D:5      | Reached XP level 8. HP: 54/68 MP: 8/8
  4294 | D:5      | Found a snail-covered altar of Cheibriados.
  4297 | D:5      | Found a shattered altar of Ashenzari.
  4300 | D:5      | Found an iron altar of Okawaru.
  4342 | D:5      | Received a gift from Nemelex Xobeh
  4507 | D:5      | Found Poyfow's Book Shop.
  4712 | D:5      | Gained mutation: Your spells are a little harder to cast,
                  | but a little more powerful. [potion of mutation]
  4712 | D:5      | Gained mutation: You have sharp toenails. [potion of
                  | mutation]
  4712 | D:5      | Gained mutation: Your muscles are strong. (Str +2) [potion
                  | of mutation]
  4712 | D:5      | Gained mutation: You have a pair of large horns on your
                  | head. [potion of mutation]
  4742 | D:6      | Reached ** piety under Nemelex Xobeh
  4763 | D:6      | Received a gift from Nemelex Xobeh
  4824 | D:6      | Reached skill level 1 in Fire Magic
  5103 | D:5      | Learned a level 3 spell: Inner Flame
  5105 | D:5      | Lost mutation: You have a pair of large horns on your head.
                  | [potion of mutation]
  5105 | D:5      | Lost mutation: Your spells are a little harder to cast, but
                  | a little more powerful. [potion of mutation]
  5105 | D:5      | Lost mutation: Your muscles are strong. (Str +2) [potion of
                  | mutation]
  5105 | D:5      | Gained mutation: You are agile. (Dex +2) [potion of
                  | mutation]
  5105 | D:5      | Gained mutation: You are occasionally teleported next to
                  | monsters. [potion of mutation]
  5105 | D:5      | Gained mutation: You have supernaturally acute eyesight.
                  | (SInv) [potion of mutation]
  5119 | D:6      | Reached skill level 8 in Axes
  5235 | D:6      | Reached skill level 5 in Throwing
  5235 | D:6      | Reached skill level 1 in Conjurations
  5313 | D:6      | Noticed a hippogriff
  5321 | D:6      | Killed a hippogriff
  5671 | D:6      | Reached skill level 5 in Dodging
  5928 | D:5      | Bought a potion of curing for 36 gold pieces
  5928 | D:5      | Bought a potion of lignification for 36 gold pieces
  5928 | D:5      | Bought a potion of mutation for 96 gold pieces
  5928 | D:5      | Bought a potion of lignification for 36 gold pieces
  5930 | D:5      | Lost mutation: You are occasionally teleported next to
                  | monsters. [potion of mutation]
  5930 | D:5      | Lost mutation: You have sharp toenails. [potion of
                  | mutation]
  5930 | D:5      | Lost mutation: You are agile. (Dex +2) [potion of mutation]
  5930 | D:5      | Gained mutation: Your body sometimes deteriorates upon
                  | taking damage. [potion of mutation]
  5930 | D:5      | Gained mutation: You are clumsy. (Dex -2) [potion of
                  | mutation]
  5930 | D:5      | Gained mutation: You have sharp toenails. [potion of
                  | mutation]
  6023 | D:7      | Found a hide-covered altar of Uskayaw.
  6118 | D:7      | Reached XP level 9. HP: 74/74 MP: 3/10
  6384 | D:7      | Reached skill level 9 in Axes
  6829 | D:7      | Found a faded altar of an unknown god.
  6831 | D:7      | Found a staircase to the Ecumenical Temple.
  6866 | D:7      | Found an iron altar of Okawaru.
  6973 | D:7      | Received a gift from Nemelex Xobeh
  7288 | D:8      | Reached *** piety under Nemelex Xobeh
  7315 | D:8      | Received a gift from Nemelex Xobeh
  7347 | D:8      | Noticed a two-headed ogre
  7884 | D:8      | Killed a two-headed ogre
  7884 | D:8      | Reached skill level 10 in Axes
  8101 | D:8      | Received a gift from Nemelex Xobeh
  8523 | D:9      | Reached XP level 10. HP: 20/83 MP: 9/13
  8954 | D:9      | Reached **** piety under Nemelex Xobeh
  8979 | D:9      | Found a shadowy altar of Dithmenos.
 10109 | D:9      | Learned a level 4 spell: Sticky Flame
 10112 | D:9      | Found a staircase to the Orcish Mines.
 10117 | D:9      | Noticed a centaur warrior
 10130 | D:9      | Shot with an arrow by a centaur warrior

Skill      XL: |  1  2  3  4  5  6  7  8  9 10 |
---------------+-------------------------------+-----
Axes           | 4 5 6 7 8 10 | 10.8
Fighting       | 3 4 5 6 |  6.9
Armour         | 1 2 3 |  3.5
Dodging        | 4 5 6 |  6.6
Stealth        | 1 2 3 |  3.3
Throwing       | 3 4 5 6 |  6.7
Spellcasting   | 1 2 3 |  3.2
Fire Magic     | 2 |  2.9
Conjurations   | 1 2 |  2.6
Invocations    | |  0.9
Evocations     | |  0.1

Action                   |  1- 3 |  4- 6 |  7- 9 | 10-12 || total
-------------------------+-------+-------+-------+-------++-------
Melee: War axe           |    56 |   154 |   248 |    96 ||   554
       Headbutt          |     9 |    29 |    49 |    18 ||   105
Throw: Stone             |    23 |    57 |    19 |       ||    99
       Throwing net      |     1 |     3 |       |       ||     4
       Tomahawk          |       |    44 |    75 |       ||   119
       Javelin           |       |       |    11 |    33 ||    44
 Cast: Throw Flame       |       |       |    58 |     4 ||    62
       Flame Tongue      |       |       |    21 |     4 ||    25
       Conjure Flame     |       |       |       |     1 ||     1
Evoke: Deck              |       |     1 |     6 |     1 ||     8
       Wand              |       |       |       |     3 ||     3
  Use: Scroll            |     3 |     5 |     8 |     3 ||    19
       Potion            |       |     4 |    11 |     6 ||    21
 Stab: Invisible         |       |     1 |       |       ||     1
       Sleeping          |       |       |     1 |     1 ||     2
  Eat: Chunk             |     1 |     4 |    31 |     7 ||    43
       Ration            |       |       |     2 |       ||     2
Armor: Ring mail         |     9 |       |       |       ||     9
       Chain mail        |    19 |    72 |       |       ||    91
       Animal skin       |       |       |    29 |    14 ||    43
Dodge: Dodged            |    35 |    50 |   234 |   143 ||   462
